Stars vs Rangers
Created - 27 mars 2014 at 20:11
Goals
|
| Stars |
0 |
0 |
3 |
3 |
| Rangers |
1 |
0 |
0 |
1 |
|
Shots
|
| Stars |
9 |
13 |
10 |
32 |
| Rangers |
8 |
18 |
8 |
34 |
|
1st period
1. Rangers , Dustin Brown 16 (Patrick Sharp, Brad Richards) at 19:15 (PP)
Penalties :
Brendan Bell (Dal) for Unsportsmanlike conduct (Major / Game Misconduct) at 13:16, Brian Pothier (Dal) for Boarding (Minor) at 18:58
2nd period
No Goal
Penalties :
Brian Pothier (Dal) for Holding (Minor) at 0:25, Cory Stillman (Dal) for Hooking (Minor) at 4:38
3rd period
2. Stars , Milan Michalek 16 (Alexei Morozov, Antoine Vermette) at 3:52
3. Stars , Brian Gionta 13 (Patrik Elias, Michael Rupp) at 9:49
4. Stars , Pavel Kubina 14 (Brian Pothier, Antoine Vermette) at 10:51 (PP)
Penalties :
Brad Richards (NYR) for Hooking (Minor) at 10:35, Alexei Morozov (Dal) for Cross-checking (Minor) at 14:30
Goalie Stats
Pascal Leclaire (Dal), 33 saves from 34 shots - (0,971), W, 23-25-1, 60:00 minutes
Henrik Lundqvist (NYR), 29 saves from 32 shots - (0,906), L, 28-23-7, 60:00 minutes
Players Stats for Stars
Player Name G A P +/- PIM S H SB GA TA FO MP PP MP PK MP
------------------------------------------------------------------------------------
Alexei Morozov 0 1 1 1 2 3 1 0 1 1 0/0 18:06 0:16 1:30
Antoine Vermette 0 2 2 1 0 2 1 0 1 0 7/10 17:17 0:16 2:07
Brendan Bell 0 0 0 0 15 0 1 0 0 0 0/0 4:52 0:00 0:00
Brian Gionta 1 0 1 1 0 2 2 0 0 0 1/1 11:41 0:00 0:00
Brian Pothier 0 1 1 1 4 1 4 2 0 2 0/0 29:34 0:16 4:56
Cory Stillman 0 0 0 0 2 0 2 0 0 1 1/1 21:42 0:16 4:38
David Legwand 0 0 0 0 0 6 4 0 1 0 13/27 16:44 0:00 0:00
Francis Bouillon 0 0 0 2 0 3 0 0 0 0 0/0 26:32 0:00 5:07
Jan Hlavac 0 0 0 0 0 1 0 0 0 0 0/1 9:59 0:00 2:39
Marty Reasoner 0 0 0 0 0 3 2 0 0 0 5/11 13:04 0:00 5:35
Mathieu Dandenault 0 0 0 0 0 0 1 0 0 0 0/2 11:07 0:00 3:31
Matthew Spiller 0 0 0 0 0 0 0 0 0 0 0/0 0:42 0:00 0:00
Michael Rupp 0 1 1 1 0 1 3 0 0 0 4/13 13:59 0:00 3:31
Milan Michalek 1 0 1 1 0 2 0 0 1 0 0/0 15:45 0:00 0:25
Patrik Elias 0 1 1 1 0 3 0 1 0 0 1/1 11:12 0:00 0:00
Pavel Kubina 1 0 1 0 0 1 3 1 1 0 0/0 27:40 0:16 6:33
Randy Jones 0 0 0 1 0 1 1 0 0 1 0/0 22:01 0:00 4:20
Shane Doan 0 0 0 0 0 3 2 0 1 0 1/2 16:45 0:00 0:00
Players Stats for Rangers
Player Name G A P +/- PIM S H SB GA TA FO MP PP MP PK MP
------------------------------------------------------------------------------------
Alexandre Burrows 0 0 0 -2 0 3 1 0 0 0 1/1 19:17 4:53 0:00
Brad Richards 0 1 1 0 2 4 3 1 1 1 19/31 22:40 5:16 0:00
Bryan Berard 0 0 0 0 0 2 1 0 1 0 0/0 20:15 4:51 0:00
Byron Ritchie 0 0 0 0 0 0 0 0 0 0 1/4 7:31 0:19 0:16
Cam Barker 0 0 0 -2 0 1 0 0 0 2 0/0 27:30 5:21 0:16
Drew Stafford 0 0 0 -2 0 4 0 1 1 0 0/1 19:17 4:53 0:00
Dustin Brown 1 0 1 0 0 5 1 0 0 0 0/2 22:41 5:22 0:00
Igor Radulov 0 0 0 0 0 1 2 0 0 0 0/0 6:46 0:11 0:00
Jaroslav Balastik 0 0 0 0 0 4 0 0 1 0 0/1 11:16 0:44 0:00
Kimmo Timonen 0 0 0 -2 0 2 2 1 0 0 0/0 27:51 5:30 0:16
Kyle McLaren 0 0 0 0 0 2 1 1 0 2 0/0 20:15 4:51 0:00
Mark Fistric 0 0 0 0 0 1 0 1 0 1 0/0 11:43 0:43 0:00
Matt Greene 0 0 0 0 0 0 0 2 0 0 0/0 12:12 1:10 0:00
Matt Read 0 0 0 0 0 0 1 0 0 0 0/1 9:32 0:00 0:00
Mikko Lehtonen 0 0 0 0 0 0 0 0 0 0 0/0 7:42 0:46 0:00
Patrice Bergeron 0 0 0 -2 0 2 1 0 1 0 10/23 19:17 4:53 0:00
Patrick Sharp 0 1 1 0 0 3 3 2 0 0 0/0 22:38 5:18 0:16
Valtteri Filppula 0 0 0 0 0 0 1 0 0 0 5/5 11:20 1:04 0:00
3 Stars
1 - Pascal Leclaire (Dal)
2 - Brian Gionta (Dal)
3 - Pavel Kubina (Dal)
Power Play
Stars - 1 on 1 Attempt(s) - 100,00%
Rangers - 1 on 5 Attempt(s) - 20,00%
Penalty Kill
Stars - 4 on 5 Attempt(s) - 80,00%
- Score 0 goal in Penalty Kill
Rangers - 0 on 1 Attempt(s) - 0,00%
- Score 0 goal in Penalty Kill
Official
Referees : Dwyer Gord and Walsh Ian
Linesman : Greg Devorski and Mark Wheler
Game Notes
Matthew Spiller is injured at 1:35 of 1st period (Left Forearm)
Brendan Bell ejected from game at 13:16 of 1st period
Finance
Level 1 -- Attendance: 4512 (75,20%) -- Ticket Income 406 080 $
Level 2 -- Attendance: 3631 (72,62%) -- Ticket Income 199 705 $
Level 3 -- Attendance: 1713 (85,65%) -- Ticket Income 51 390 $
Level 4 -- Attendance: 3291 (82,28%) -- Ticket Income 65 820 $
Luxury Box -- Attendance: 707 (70,70%) -- Ticket Income 123 725 $
Game was played at the Madison Square Garden
Total Attendance: 13854 (76,97%)
Total Ticket Income: 846 720 $
Other Income: 127 008 $
Total Income: 973 728 $
Stars
5 vs 5 Forward
Center Left Wing Right Wing Time % Phy DF OF
1 David Legwand Cory Stillman Shane Doan 40 1 2 2
2 Antoine Vermette Milan Michalek Alexei Morozov 30 1 2 2
3 Michael Rupp Patrik Elias Brian Gionta 20 1 2 2
4 Marty Reasoner Jan Hlavac Mathieu Dandenault 10 1 2 2
5 vs 5 Defense
Defense Defense Time % Phy DF OF
1 Pavel Kubina Matthew Spiller 40 1 2 2
2 Brendan Bell Brian Pothier 30 1 2 2
3 Randy Jones Francis Bouillon 20 1 2 2
4 Pavel Kubina Matthew Spiller 10 1 2 2
PowerPlay Forward
Center Left Wing Right Wing Time % Phy DF OF
1 Antoine Vermette Cory Stillman Alexei Morozov 60 1 2 2
2 David Legwand Milan Michalek Shane Doan 40 1 2 2
PowerPlay Defense
Defense Defense Time % Phy DF OF
1 Pavel Kubina Brian Pothier 60 1 2 2
2 Brendan Bell Matthew Spiller 40 1 2 2
Penalty Kill 4 Players Forward
Center Wing Time % Phy DF OF
1 Marty Reasoner Cory Stillman 60 1 2 2
2 Michael Rupp Mathieu Dandenault 40 1 2 2
Penalty Kill 4 Players Defense
Defense Defense Time % Phy DF OF
1 Pavel Kubina Matthew Spiller 60 1 2 2
2 Brendan Bell Randy Jones 40 1 2 2
Penalty Kill - 3 Players Forward
Forward Time % Phy DF OF
1 Marty Reasoner 60 1 2 2
2 Antoine Vermette 40 1 2 2
Penalty Kill - 3 Players Defense
Defense Defense Time % Phy DF OF
1 Pavel Kubina Matthew Spiller 60 1 2 2
2 Brendan Bell Randy Jones 40 1 2 2
4 vs 4 Forward
Center Wing Time % Phy DF OF
1 Michael Rupp Alexei Morozov 60 1 2 2
2 Antoine Vermette Shane Doan 40 1 2 2
4 vs 4 Defense
Defense Defense Time % Phy DF OF
1 Pavel Kubina Brian Pothier 60 1 2 2
2 Brendan Bell Matthew Spiller 40 1 2 2
Last Minutes Offensive
Center Left Wing Right Wing Defense Defense
Antoine Vermette Milan Michalek Alexei Morozov Pavel Kubina Matthew Spiller
Last Minutes Defensive
Center Left Wing Right Wing Defense Defense
Marty Reasoner Cory Stillman Mathieu Dandenault Pavel Kubina Matthew Spiller
Goaltenders
Starting : Pascal Leclaire
Backup : Vesa Toskala
Extra Forwards
Normal : Patrik Elias, Brian Gionta, Marty Reasoner - PP : Patrik Elias, Brian Gionta - PK : Marty Reasoner
Extra Defensemen
Normal : Brian Pothier, Matthew Spiller, Brendan Bell - PP : Pavel Kubina - PK : Matthew Spiller, Brendan Bell
Penalty Shots
Alexei Morozov, Cory Stillman, Shane Doan, Milan Michalek, Antoine Vermette
Rangers
5 vs 5 Forward
Center Left Wing Right Wing Time % Phy DF OF
1 Brad Richards Patrick Sharp Dustin Brown 40 1 2 2
2 Patrice Bergeron Alexandre Burrows Drew Stafford 30 1 2 2
3 Valtteri Filppula Jaroslav Balastik Matt Read 20 1 2 2
4 Byron Ritchie Igor Radulov Mikko Lehtonen 10 1 2 2
5 vs 5 Defense
Defense Defense Time % Phy DF OF
1 Cam Barker Kimmo Timonen 40 1 2 2
2 Kyle McLaren Bryan Berard 30 1 2 2
3 Matt Greene Mark Fistric 20 1 2 2
4 Cam Barker Kimmo Timonen 10 1 2 2
PowerPlay Forward
Center Left Wing Right Wing Time % Phy DF OF
1 Brad Richards Patrick Sharp Dustin Brown 60 1 2 2
2 Patrice Bergeron Alexandre Burrows Drew Stafford 40 1 2 2
PowerPlay Defense
Defense Defense Time % Phy DF OF
1 Cam Barker Kimmo Timonen 60 1 2 2
2 Kyle McLaren Bryan Berard 40 1 2 2
Penalty Kill 4 Players Forward
Center Wing Time % Phy DF OF
1 Brad Richards Patrick Sharp 60 1 2 2
2 Patrice Bergeron Dustin Brown 40 1 2 2
Penalty Kill 4 Players Defense
Defense Defense Time % Phy DF OF
1 Cam Barker Kimmo Timonen 60 1 2 2
2 Kyle McLaren Bryan Berard 40 1 2 2
Penalty Kill - 3 Players Forward
Forward Time % Phy DF OF
1 Brad Richards 60 1 2 2
2 Patrick Sharp 40 1 2 2
Penalty Kill - 3 Players Defense
Defense Defense Time % Phy DF OF
1 Cam Barker Kimmo Timonen 60 1 2 2
2 Kyle McLaren Bryan Berard 40 1 2 2
4 vs 4 Forward
Center Wing Time % Phy DF OF
1 Brad Richards Patrick Sharp 60 1 2 2
2 Patrice Bergeron Dustin Brown 40 1 2 2
4 vs 4 Defense
Defense Defense Time % Phy DF OF
1 Cam Barker Kimmo Timonen 60 1 2 2
2 Kyle McLaren Bryan Berard 40 1 2 2
Last Minutes Offensive
Center Left Wing Right Wing Defense Defense
Brad Richards Patrick Sharp Dustin Brown Cam Barker Kimmo Timonen
Last Minutes Defensive
Center Left Wing Right Wing Defense Defense
Brad Richards Patrick Sharp Dustin Brown Cam Barker Kimmo Timonen
Goaltenders
Starting : Henrik Lundqvist
Backup : Hannu Toivonen
Extra Forwards
Normal : Valtteri Filppula, Jaroslav Balastik, Byron Ritchie - PP : Valtteri Filppula, Jaroslav Balastik - PK : Byron Ritchie
Extra Defensemen
Normal : Matt Greene, Mark Fistric, Kyle McLaren - PP : Matt Greene - PK : Mark Fistric, Kyle McLaren
Penalty Shots
Brad Richards, Patrick Sharp, Patrice Bergeron, Dustin Brown, Drew Stafford
% Time on Ice - Stars
Lines # - Real PCT - Wanted PCT - Time Play
Normal Forward
1 - 34% - 40% - 16:40
2 - 33% - 30% - 15:49
3 - 19% - 20% - 9:15
4 - 14% - 10% - 6:47
Normal Defense
1 - 43% - 40% - 20:40
2 - 32% - 30% - 15:34
3 - 20% - 20% - 9:43
4 - 5% - 10% - 2:34
PP Forward
1 - 100% - 60% - 0:16
2 - 0% - 40% - 0:00
PP Defense
1 - 100% - 60% - 0:16
2 - 0% - 40% - 0:00
PK Forward
1 - 69% - 60% - 7:42
2 - 31% - 40% - 3:31
PK Defense
1 - 64% - 60% - 7:12
2 - 36% - 40% - 4:01
PK3 Forward
1 - 0% - 60%
2 - 0% - 40%
PK3 Defense
1 - 0% - 60%
2 - 0% - 40%
44 Forward
1 - 0% - 60%
2 - 0% - 40%
44 Defense
1 - 0% - 60%
2 - 0% - 40%
Last Minute Offensive - 0:00
Last Minute Defensive - 0:00
Total
Forward - 60:00
Defense - 60:00
|
% Time on Ice - Rangers
Lines # - Real PCT - Wanted PCT - Time Play
Normal Forward
1 - 37% - 40% - 18:00
2 - 30% - 30% - 14:24
3 - 20% - 20% - 9:32
4 - 14% - 10% - 6:35
Normal Defense
1 - 38% - 40% - 18:19
2 - 32% - 30% - 15:24
3 - 23% - 20% - 11:00
4 - 8% - 10% - 3:48
PP Forward
1 - 56% - 60% - 6:20
2 - 44% - 40% - 4:53
PP Defense
1 - 57% - 60% - 6:22
2 - 43% - 40% - 4:51
PK Forward
1 - 100% - 60% - 0:16
2 - 0% - 40% - 0:00
PK Defense
1 - 100% - 60% - 0:16
2 - 0% - 40% - 0:00
PK3 Forward
1 - 0% - 60%
2 - 0% - 40%
PK3 Defense
1 - 0% - 60%
2 - 0% - 40%
44 Forward
1 - 0% - 60%
2 - 0% - 40%
44 Defense
1 - 0% - 60%
2 - 0% - 40%
Last Minute Offensive - 0:00
Last Minute Defensive - 0:00
Total
Forward - 60:00
Defense - 60:00
|
Play by Play
1st period
0:01 of 1st period - Brad Richards wins face-off versus David Legwand in neutral zone.
0:14 of 1st period - Wrist shot by Dustin Brown.
0:14 of 1st period - Stopped by Pascal Leclaire without a rebound.
0:15 of 1st period - Antoine Vermette wins face-off versus Patrice Bergeron in Stars zone.
0:29 of 1st period - Icing by Bryan Berard.
0:30 of 1st period - Patrice Bergeron wins face-off versus Michael Rupp in Rangers zone.
0:36 of 1st period - Off-side.
0:37 of 1st period - Valtteri Filppula wins face-off versus Michael Rupp in neutral zone.
0:47 of 1st period - Snap shot by Jaroslav Balastik.
0:47 of 1st period - Shot Blocked by Patrik Elias.
0:54 of 1st period - Icing by Francis Bouillon.
0:55 of 1st period - Brad Richards wins face-off versus Michael Rupp in Stars zone.
0:56 of 1st period - Snap shot by Patrick Sharp.
0:56 of 1st period - Shot Misses the Net.
1:08 of 1st period - Snap shot by Patrik Elias.
1:08 of 1st period - Stopped by Henrik Lundqvist without a rebound.
1:09 of 1st period - David Legwand wins face-off versus Byron Ritchie in Rangers zone.
1:16 of 1st period - Slapshot by David Legwand.
1:16 of 1st period - Stopped by Henrik Lundqvist with a rebound.
1:18 of 1st period - Wrist shot by Pavel Kubina.
1:18 of 1st period - Shot Misses the Net.
1:34 of 1st period - Matthew Spiller is hit by Brad Richards and loses puck.
1:35 of 1st period - Matthew Spiller from Stars is injured at 1:35 of 1st period (Left Forearm).
1:36 of 1st period - Marty Reasoner wins face-off versus Patrice Bergeron in Stars zone.
2:01 of 1st period - David Legwand is hit by Brad Richards and loses puck.
3:34 of 1st period - Dustin Brown is hit by Cory Stillman and loses puck.
3:55 of 1st period - Snap shot by Jaroslav Balastik.
3:55 of 1st period - Shot Misses the Net.
4:26 of 1st period - Randy Jones is hit by Bryan Berard and loses puck.
4:30 of 1st period - Icing by Francis Bouillon.
4:31 of 1st period - Patrice Bergeron wins face-off versus Mathieu Dandenault in Stars zone.
4:32 of 1st period - Snap shot by Drew Stafford.
4:32 of 1st period - Stopped by Pascal Leclaire with a rebound.
4:34 of 1st period - Slapshot by Mark Fistric.
4:34 of 1st period - Stopped by Pascal Leclaire without a rebound.
4:35 of 1st period - Brad Richards wins face-off versus David Legwand in Stars zone.
5:10 of 1st period - Wrist shot by Antoine Vermette.
5:10 of 1st period - Shot Blocked by Matt Greene.
5:12 of 1st period - Slapshot by Francis Bouillon.
5:12 of 1st period - Shot Blocked by Mark Fistric.
5:27 of 1st period - Matt Read is hit by Brian Gionta and loses puck.
5:48 of 1st period - Igor Radulov is hit by Pavel Kubina and loses puck.
6:07 of 1st period - Slapshot by Marty Reasoner.
6:07 of 1st period - Shot Hit the Post.
6:09 of 1st period - Snap shot by Francis Bouillon.
6:09 of 1st period - Deflect By Bryan Berard.
6:09 of 1st period - Stopped by Henrik Lundqvist without a rebound.
6:10 of 1st period - Brad Richards wins face-off versus Antoine Vermette in Rangers zone.
6:29 of 1st period - Milan Michalek is hit by Patrick Sharp and loses puck.
7:05 of 1st period - Backhand shot by Dustin Brown.
7:05 of 1st period - Shot Blocked by Pavel Kubina.
7:09 of 1st period - Snap shot by Brad Richards.
7:09 of 1st period - Deflect By Pavel Kubina.
7:09 of 1st period - Shot Misses the Net.
7:09 of 1st period - Puck is out of play.
7:10 of 1st period - Patrice Bergeron wins face-off versus David Legwand in Stars zone.
7:21 of 1st period - Drew Stafford is hit by David Legwand and loses puck.
7:58 of 1st period - Mark Fistric is hit by Marty Reasoner and loses puck.
8:05 of 1st period - Brian Pothier is hit by Igor Radulov and loses puck.
8:43 of 1st period - Off-side.
8:44 of 1st period - Brad Richards wins face-off versus David Legwand in neutral zone.
8:51 of 1st period - Snap shot by Brad Richards.
8:51 of 1st period - Stopped by Pascal Leclaire with a rebound.
8:57 of 1st period - Patrick Sharp is hit by Brendan Bell and loses puck.
9:33 of 1st period - Off-side.
9:34 of 1st period - Valtteri Filppula wins face-off versus Michael Rupp in neutral zone.
9:59 of 1st period - Dustin Brown is hit by David Legwand.
10:03 of 1st period - Slapshot by Shane Doan.
10:03 of 1st period - Deflect By David Legwand.
10:03 of 1st period - Stopped by Henrik Lundqvist with a rebound.
10:09 of 1st period - Slapshot by David Legwand.
10:09 of 1st period - Stopped by Henrik Lundqvist with a rebound.
10:25 of 1st period - Off-side.
10:26 of 1st period - Patrice Bergeron wins face-off versus Antoine Vermette in neutral zone.
10:51 of 1st period - Snap shot by Drew Stafford.
10:51 of 1st period - Stopped by Pascal Leclaire without a rebound.
10:52 of 1st period - Brad Richards wins face-off versus David Legwand in Stars zone.
11:27 of 1st period - Snap shot by Jaroslav Balastik.
11:27 of 1st period - Shot Misses the Net.
11:29 of 1st period - Slapshot by Bryan Berard.
11:29 of 1st period - Shot Misses the Net.
11:31 of 1st period - Slapshot by Bryan Berard.
11:31 of 1st period - Shot Misses the Net.
11:40 of 1st period - Off-side.
11:41 of 1st period - Patrice Bergeron wins face-off versus Marty Reasoner in neutral zone.
11:44 of 1st period - Mathieu Dandenault is hit by Kimmo Timonen.
13:11 of 1st period - Wrist shot by Brad Richards.
13:11 of 1st period - Shot Misses the Net.
13:13 of 1st period - Slapshot by Kimmo Timonen.
13:13 of 1st period - Stopped by Pascal Leclaire without a rebound.
13:14 of 1st period - Cory Stillman wins face-off versus Drew Stafford in Stars zone.
13:16 of 1st period - Major / Game Misconduct Penalty to Brendan Bell for Unsportsmanlike conduct.
13:16 of 1st period - Brendan Bell is ejected from game.
13:17 of 1st period - Marty Reasoner wins face-off versus Patrice Bergeron in Stars zone.
15:17 of 1st period - Patrice Bergeron is hit by Marty Reasoner and loses puck.
16:28 of 1st period - Icing by Mark Fistric.
16:29 of 1st period - Patrice Bergeron wins face-off versus Michael Rupp in Rangers zone.
16:49 of 1st period - Icing by Patrick Sharp.
16:50 of 1st period - Michael Rupp wins face-off versus Brad Richards in Rangers zone.
17:07 of 1st period - Backhand shot by Brad Richards.
17:07 of 1st period - Stopped by Pascal Leclaire without a rebound.
17:08 of 1st period - Michael Rupp wins face-off versus Patrice Bergeron in Stars zone.
17:16 of 1st period - Off-side.
17:17 of 1st period - Marty Reasoner wins face-off versus Patrice Bergeron in neutral zone.
17:28 of 1st period - Wrist shot by Marty Reasoner.
17:28 of 1st period - Stopped by Henrik Lundqvist with a rebound.
18:16 of 1st period - Penalty to Brendan Bell is over, Alexei Morozov is send on ice.
18:27 of 1st period - Snap shot by Alexei Morozov.
18:27 of 1st period - Shot Misses the Net.
18:29 of 1st period - Slapshot by Francis Bouillon.
18:29 of 1st period - Stopped by Henrik Lundqvist with a rebound.
18:31 of 1st period - Slapshot by Randy Jones.
18:31 of 1st period - Stopped by Henrik Lundqvist with a rebound.
18:33 of 1st period - Slapshot by Alexei Morozov.
18:33 of 1st period - Stopped by Henrik Lundqvist with a rebound.
18:58 of 1st period - Minor Penalty to Brian Pothier for Boarding.
18:59 of 1st period - Brad Richards wins face-off versus Marty Reasoner in Stars zone.
19:15 of 1st period - Snap shot by Patrick Sharp.
19:15 of 1st period - Deflect By Dustin Brown.
19:15 of 1st period - Goal by Dustin Brown - Stars : 0 - Rangers : 1.
19:16 of 1st period - Shane Doan wins face-off versus Brad Richards in neutral zone.
19:46 of 1st period - Kimmo Timonen is hit by Pavel Kubina and loses puck.
Goals for this period are 0 for Stars vs 1 for Rangers.
Shots for this period are 9 for Stars vs 8 for Rangers.
2nd period
0:01 of 2nd period - Brad Richards wins face-off versus David Legwand in neutral zone.
0:14 of 2nd period - Wrist shot by Patrick Sharp.
0:14 of 2nd period - Stopped by Pascal Leclaire without a rebound.
0:15 of 2nd period - Patrice Bergeron wins face-off versus David Legwand in Stars zone.
0:25 of 2nd period - Minor Penalty to Brian Pothier for Holding.
0:26 of 2nd period - Brad Richards wins face-off versus Marty Reasoner in Stars zone.
2:25 of 2nd period - Penalty to Brian Pothier is over, Brian Pothier is back on ice.
2:35 of 2nd period - Wrist shot by Michael Rupp.
2:35 of 2nd period - Shot Misses the Net.
3:10 of 2nd period - Wrist shot by Igor Radulov.
3:10 of 2nd period - Stopped by Pascal Leclaire without a rebound.
3:11 of 2nd period - David Legwand wins face-off versus Byron Ritchie in Stars zone.
3:11 of 2nd period - David Legwand is hit by Igor Radulov.
3:19 of 2nd period - Slapshot by Kyle McLaren.
3:19 of 2nd period - Stopped by Pascal Leclaire without a rebound.
3:20 of 2nd period - David Legwand wins face-off versus Brad Richards in Stars zone.
3:25 of 2nd period - Slapshot by Brian Pothier.
3:25 of 2nd period - Shot Blocked by Kyle McLaren.
3:27 of 2nd period - Snap shot by Shane Doan.
3:27 of 2nd period - Stopped by Henrik Lundqvist with a rebound.
3:48 of 2nd period - Wrist shot by Valtteri Filppula.
3:48 of 2nd period - Shot Misses the Net.
3:50 of 2nd period - Slapshot by Jaroslav Balastik.
3:50 of 2nd period - Stopped by Pascal Leclaire with a rebound.
3:52 of 2nd period - Snap shot by Valtteri Filppula.
3:52 of 2nd period - Deflect By Jaroslav Balastik.
3:52 of 2nd period - Shot Misses the Net.
3:52 of 2nd period - Puck is out of play.
3:53 of 2nd period - Antoine Vermette wins face-off versus Brad Richards in Stars zone.
3:58 of 2nd period - Wrist shot by Milan Michalek.
3:58 of 2nd period - Shot Hit the Post.
4:31 of 2nd period - Shane Doan is hit by Alexandre Burrows and loses puck.
4:38 of 2nd period - Minor Penalty to Cory Stillman for Hooking.
4:39 of 2nd period - Brad Richards wins face-off versus Marty Reasoner in Stars zone.
4:42 of 2nd period - Wrist shot by Dustin Brown.
4:42 of 2nd period - Shot Misses the Net.
6:01 of 2nd period - Snap shot by Antoine Vermette.
6:01 of 2nd period - Stopped by Henrik Lundqvist with a rebound.
6:38 of 2nd period - Penalty to Cory Stillman is over, Cory Stillman is back on ice.
6:50 of 2nd period - Valtteri Filppula is hit by David Legwand and loses puck.
7:05 of 2nd period - Byron Ritchie is hit by Antoine Vermette and loses puck.
7:22 of 2nd period - Wrist shot by Jaroslav Balastik.
7:22 of 2nd period - Stopped by Pascal Leclaire without a rebound.
7:23 of 2nd period - Valtteri Filppula wins face-off versus Michael Rupp in Stars zone.
7:26 of 2nd period - Backhand shot by Jaroslav Balastik.
7:26 of 2nd period - Stopped by Pascal Leclaire with a rebound.
7:28 of 2nd period - Slapshot by Kyle McLaren.
7:28 of 2nd period - Shot Hit the Post.
7:30 of 2nd period - Snap shot by Matt Read.
7:30 of 2nd period - Shot Misses the Net.
7:32 of 2nd period - Slapshot by Matt Read.
7:32 of 2nd period - Shot Misses the Net.
7:34 of 2nd period - Slapshot by Bryan Berard.
7:34 of 2nd period - Shot Misses the Net.
7:44 of 2nd period - Kyle McLaren is hit by Shane Doan and loses puck.
7:53 of 2nd period - Snap shot by David Legwand.
7:53 of 2nd period - Stopped by Henrik Lundqvist with a rebound.
8:11 of 2nd period - Wrist shot by Marty Reasoner.
8:11 of 2nd period - Stopped by Henrik Lundqvist with a rebound.
8:13 of 2nd period - Wrist shot by Marty Reasoner.
8:13 of 2nd period - Shot Misses the Net.
8:50 of 2nd period - Slapshot by Michael Rupp.
8:50 of 2nd period - Deflect By Patrik Elias.
8:50 of 2nd period - Stopped by Henrik Lundqvist without a rebound.
8:51 of 2nd period - Brad Richards wins face-off versus Michael Rupp in Rangers zone.
9:00 of 2nd period - Snap shot by Patrick Sharp.
9:00 of 2nd period - Stopped by Pascal Leclaire without a rebound.
9:01 of 2nd period - David Legwand wins face-off versus Brad Richards in Stars zone.
9:08 of 2nd period - Icing by Brad Richards.
9:09 of 2nd period - Brad Richards wins face-off versus David Legwand in Rangers zone.
9:09 of 2nd period - Brad Richards is hit by Shane Doan.
9:15 of 2nd period - Snap shot by David Legwand.
9:15 of 2nd period - Shot Misses the Net.
9:17 of 2nd period - Wrist shot by Shane Doan.
9:17 of 2nd period - Shot Blocked by Brad Richards.
9:21 of 2nd period - Snap shot by David Legwand.
9:21 of 2nd period - Shot Blocked by Matt Greene.
9:23 of 2nd period - Wrist shot by David Legwand.
9:23 of 2nd period - Stopped by Henrik Lundqvist without a rebound.
9:24 of 2nd period - Antoine Vermette wins face-off versus Patrice Bergeron in Rangers zone.
9:27 of 2nd period - Snap shot by Alexei Morozov.
9:27 of 2nd period - Shot Blocked by Kimmo Timonen.
9:29 of 2nd period - Wrist shot by Milan Michalek.
9:29 of 2nd period - Stopped by Henrik Lundqvist without a rebound.
9:30 of 2nd period - Antoine Vermette wins face-off versus Patrice Bergeron in Rangers zone.
10:03 of 2nd period - Snap shot by Shane Doan.
10:03 of 2nd period - Shot Misses the Net.
10:05 of 2nd period - Slapshot by Brian Pothier.
10:05 of 2nd period - Shot Blocked by Patrick Sharp.
10:07 of 2nd period - Snap shot by David Legwand.
10:07 of 2nd period - Stopped by Henrik Lundqvist without a rebound.
10:08 of 2nd period - Michael Rupp wins face-off versus Patrice Bergeron in Rangers zone.
10:09 of 2nd period - Backhand shot by Patrik Elias.
10:09 of 2nd period - Shot Misses the Net.
10:17 of 2nd period - Slapshot by Alexandre Burrows.
10:17 of 2nd period - Shot Misses the Net.
10:19 of 2nd period - Slapshot by Bryan Berard.
10:19 of 2nd period - Stopped by Pascal Leclaire with a rebound.
10:21 of 2nd period - Slapshot by Bryan Berard.
10:21 of 2nd period - Deflect By Patrice Bergeron.
10:21 of 2nd period - Shot Misses the Net.
10:21 of 2nd period - Puck is out of play.
10:22 of 2nd period - David Legwand wins face-off versus Brad Richards in Stars zone.
10:54 of 2nd period - Backhand shot by Bryan Berard.
10:54 of 2nd period - Stopped by Pascal Leclaire with a rebound.
10:56 of 2nd period - Slapshot by Bryan Berard.
10:56 of 2nd period - Deflect By Alexandre Burrows.
10:56 of 2nd period - Stopped by Pascal Leclaire with a rebound.
10:58 of 2nd period - Snap shot by Kyle McLaren.
10:58 of 2nd period - Shot Misses the Net.
11:10 of 2nd period - Backhand shot by Igor Radulov.
11:10 of 2nd period - Shot Blocked by Brian Pothier.
11:37 of 2nd period - Icing by Marty Reasoner.
11:38 of 2nd period - Brad Richards wins face-off versus Marty Reasoner in Stars zone.
11:39 of 2nd period - Wrist shot by Dustin Brown.
11:39 of 2nd period - Stopped by Pascal Leclaire without a rebound.
11:40 of 2nd period - David Legwand wins face-off versus Dustin Brown in Stars zone.
12:07 of 2nd period - David Legwand is hit by Matt Read.
12:13 of 2nd period - Valtteri Filppula is hit by David Legwand and loses puck.
13:04 of 2nd period - Kyle McLaren is hit by Pavel Kubina and loses puck.
13:29 of 2nd period - Kyle McLaren is hit by Brian Pothier and loses puck.
13:42 of 2nd period - Wrist shot by Antoine Vermette.
13:42 of 2nd period - Shot Misses the Net.
13:50 of 2nd period - Wrist shot by Dustin Brown.
13:50 of 2nd period - Shot Misses the Net.
13:52 of 2nd period - Slapshot by Kyle McLaren.
13:52 of 2nd period - Stopped by Pascal Leclaire with a rebound.
14:28 of 2nd period - Valtteri Filppula is hit by Mathieu Dandenault.
14:44 of 2nd period - Snap shot by Patrick Sharp.
14:44 of 2nd period - Stopped by Pascal Leclaire without a rebound.
14:45 of 2nd period - Patrice Bergeron wins face-off versus Michael Rupp in Stars zone.
14:48 of 2nd period - Wrist shot by Alexandre Burrows.
14:48 of 2nd period - Stopped by Pascal Leclaire with a rebound.
14:50 of 2nd period - Slapshot by Cam Barker.
14:50 of 2nd period - Shot Misses the Net.
14:52 of 2nd period - Snap shot by Cam Barker.
14:52 of 2nd period - Stopped by Pascal Leclaire with a rebound.
14:54 of 2nd period - Snap shot by Patrice Bergeron.
14:54 of 2nd period - Shot Misses the Net.
14:56 of 2nd period - Snap shot by Patrice Bergeron.
14:56 of 2nd period - Deflect By Alexandre Burrows.
14:56 of 2nd period - Stopped by Pascal Leclaire without a rebound.
14:57 of 2nd period - Marty Reasoner wins face-off versus Dustin Brown in Stars zone.
15:02 of 2nd period - Wrist shot by Marty Reasoner.
15:02 of 2nd period - Shot Misses the Net.
15:04 of 2nd period - Slapshot by Francis Bouillon.
15:04 of 2nd period - Stopped by Henrik Lundqvist without a rebound.
15:05 of 2nd period - Brad Richards wins face-off versus Jan Hlavac in Rangers zone.
15:05 of 2nd period - Brad Richards is hit by Randy Jones.
15:23 of 2nd period - Wrist shot by Dustin Brown.
15:23 of 2nd period - Stopped by Pascal Leclaire without a rebound.
15:24 of 2nd period - Alexandre Burrows wins face-off versus David Legwand in Stars zone.
15:58 of 2nd period - Snap shot by Alexei Morozov.
15:58 of 2nd period - Deflect By Milan Michalek.
15:58 of 2nd period - Shot Misses the Net.
15:58 of 2nd period - Puck is out of play.
15:59 of 2nd period - David Legwand wins face-off versus Matt Read in Rangers zone.
16:02 of 2nd period - Snap shot by Shane Doan.
16:02 of 2nd period - Stopped by Henrik Lundqvist without a rebound.
16:03 of 2nd period - Valtteri Filppula wins face-off versus Shane Doan in Rangers zone.
16:42 of 2nd period - Francis Bouillon is hit by Patrick Sharp and loses puck.
16:59 of 2nd period - Snap shot by Michael Rupp.
16:59 of 2nd period - Deflect By Patrik Elias.
16:59 of 2nd period - Shot Misses the Net.
16:59 of 2nd period - Puck is out of play.
17:00 of 2nd period - David Legwand wins face-off versus Patrice Bergeron in Rangers zone.
17:13 of 2nd period - Slapshot by Shane Doan.
17:13 of 2nd period - Stopped by Henrik Lundqvist with a rebound.
17:25 of 2nd period - Antoine Vermette is hit by Kyle McLaren and loses puck.
17:46 of 2nd period - Wrist shot by Jan Hlavac.
17:46 of 2nd period - Stopped by Henrik Lundqvist without a rebound.
17:47 of 2nd period - Marty Reasoner wins face-off versus Patrice Bergeron in Rangers zone.
18:02 of 2nd period - Snap shot by Patrice Bergeron.
18:02 of 2nd period - Stopped by Pascal Leclaire with a rebound.
18:12 of 2nd period - Slapshot by Alexei Morozov.
18:12 of 2nd period - Stopped by Henrik Lundqvist without a rebound.
18:13 of 2nd period - David Legwand wins face-off versus Jaroslav Balastik in Rangers zone.
18:38 of 2nd period - Brad Richards is hit by Brian Pothier and loses puck.
19:07 of 2nd period - Wrist shot by Jan Hlavac.
19:07 of 2nd period - Shot Misses the Net.
19:09 of 2nd period - Slapshot by Francis Bouillon.
19:09 of 2nd period - Deflect By Marty Reasoner.
19:09 of 2nd period - Shot Misses the Net.
19:09 of 2nd period - Puck is out of play.
19:10 of 2nd period - Patrice Bergeron wins face-off versus David Legwand in Rangers zone.
19:42 of 2nd period - Off-side.
19:43 of 2nd period - Byron Ritchie wins face-off versus Antoine Vermette in neutral zone.
Goals for this period are 0 for Stars vs 0 for Rangers.
Shots for this period are 13 for Stars vs 18 for Rangers.
3rd period
0:01 of 3rd period - Brad Richards wins face-off versus David Legwand in neutral zone.
0:37 of 3rd period - Off-side.
0:38 of 3rd period - David Legwand wins face-off versus Brad Richards in neutral zone.
0:40 of 3rd period - Off-side.
0:41 of 3rd period - David Legwand wins face-off versus Brad Richards in neutral zone.
1:13 of 3rd period - Slapshot by Patrice Bergeron.
1:13 of 3rd period - Stopped by Pascal Leclaire without a rebound.
1:14 of 3rd period - Antoine Vermette wins face-off versus Patrice Bergeron in Stars zone.
1:19 of 3rd period - Snap shot by Drew Stafford.
1:19 of 3rd period - Shot Blocked by Brian Pothier.
1:22 of 3rd period - Icing by Brian Pothier.
1:23 of 3rd period - Antoine Vermette wins face-off versus Patrice Bergeron in Stars zone.
2:44 of 3rd period - Slapshot by Kimmo Timonen.
2:44 of 3rd period - Stopped by Pascal Leclaire with a rebound.
3:02 of 3rd period - Snap shot by Drew Stafford.
3:02 of 3rd period - Stopped by Pascal Leclaire with a rebound.
3:20 of 3rd period - Snap shot by Alexei Morozov.
3:20 of 3rd period - Stopped by Henrik Lundqvist with a rebound.
3:22 of 3rd period - Snap shot by Antoine Vermette.
3:22 of 3rd period - Shot Misses the Net.
3:24 of 3rd period - Snap shot by Alexei Morozov.
3:24 of 3rd period - Shot Hit the Post.
3:26 of 3rd period - Slapshot by Brian Pothier.
3:26 of 3rd period - Shot Misses the Net.
3:46 of 3rd period - Snap shot by Antoine Vermette.
3:46 of 3rd period - Shot Misses the Net.
3:48 of 3rd period - Slapshot by Milan Michalek.
3:48 of 3rd period - Shot Misses the Net.
3:50 of 3rd period - Snap shot by Alexei Morozov.
3:50 of 3rd period - Deflect By Antoine Vermette.
3:50 of 3rd period - Stopped by Henrik Lundqvist with a rebound.
3:52 of 3rd period - Snap shot by Alexei Morozov.
3:52 of 3rd period - Deflect By Milan Michalek.
3:52 of 3rd period - Goal by Milan Michalek - Stars : 1 - Rangers : 1.
3:53 of 3rd period - Brad Richards wins face-off versus David Legwand in neutral zone.
4:19 of 3rd period - Bryan Berard is hit by Brian Gionta and loses puck.
4:32 of 3rd period - Snap shot by Michael Rupp.
4:32 of 3rd period - Shot Misses the Net.
5:11 of 3rd period - David Legwand is hit by Brad Richards.
5:25 of 3rd period - Matt Greene is hit by Cory Stillman and loses puck.
5:30 of 3rd period - Wrist shot by Michael Rupp.
5:30 of 3rd period - Stopped by Henrik Lundqvist with a rebound.
5:54 of 3rd period - Kyle McLaren is hit by Michael Rupp and loses puck.
8:43 of 3rd period - Icing by Jan Hlavac.
8:44 of 3rd period - Valtteri Filppula wins face-off versus Mathieu Dandenault in Stars zone.
9:02 of 3rd period - Off-side.
9:03 of 3rd period - David Legwand wins face-off versus Brad Richards in neutral zone.
9:08 of 3rd period - Wrist shot by David Legwand.
9:08 of 3rd period - Shot Blocked by Patrick Sharp.
9:15 of 3rd period - Icing by Mark Fistric.
9:16 of 3rd period - Michael Rupp wins face-off versus Brad Richards in Rangers zone.
9:21 of 3rd period - Snap shot by Shane Doan.
9:21 of 3rd period - Shot Hit the Post.
9:35 of 3rd period - Backhand shot by Brad Richards.
9:35 of 3rd period - Stopped by Pascal Leclaire without a rebound.
9:36 of 3rd period - Patrice Bergeron wins face-off versus Michael Rupp in Stars zone.
9:45 of 3rd period - Wrist shot by Brian Gionta.
9:45 of 3rd period - Stopped by Henrik Lundqvist with a rebound.
9:47 of 3rd period - Wrist shot by Patrik Elias.
9:47 of 3rd period - Stopped by Henrik Lundqvist with a rebound.
9:49 of 3rd period - Wrist shot by Brian Gionta.
9:49 of 3rd period - Goal by Brian Gionta - Stars : 2 - Rangers : 1.
9:50 of 3rd period - Brad Richards wins face-off versus David Legwand in neutral zone.
10:07 of 3rd period - Snap shot by Brad Richards.
10:07 of 3rd period - Stopped by Pascal Leclaire without a rebound.
10:08 of 3rd period - Patrik Elias wins face-off versus Patrice Bergeron in Stars zone.
10:08 of 3rd period - Patrik Elias is hit by Patrice Bergeron.
10:35 of 3rd period - Minor Penalty to Brad Richards for Hooking.
10:36 of 3rd period - Antoine Vermette wins face-off versus Byron Ritchie in Rangers zone.
10:45 of 3rd period - Slapshot by Antoine Vermette.
10:45 of 3rd period - Shot Misses the Net.
10:47 of 3rd period - Slapshot by Brian Pothier.
10:47 of 3rd period - Stopped by Henrik Lundqvist with a rebound.
10:49 of 3rd period - Snap shot by Brian Pothier.
10:49 of 3rd period - Shot Misses the Net.
10:51 of 3rd period - Slapshot by Pavel Kubina.
10:51 of 3rd period - Goal by Pavel Kubina - Stars : 3 - Rangers : 1.
10:52 of 3rd period - David Legwand wins face-off versus Brad Richards in neutral zone.
11:09 of 3rd period - Shane Doan is hit by Patrick Sharp.
11:47 of 3rd period - Slapshot by Drew Stafford.
11:47 of 3rd period - Stopped by Pascal Leclaire with a rebound.
12:09 of 3rd period - Off-side.
12:10 of 3rd period - Brad Richards wins face-off versus David Legwand in neutral zone.
12:13 of 3rd period - Wrist shot by Dustin Brown.
12:13 of 3rd period - Stopped by Pascal Leclaire with a rebound.
12:23 of 3rd period - Bryan Berard is hit by Brian Pothier and loses puck.
12:44 of 3rd period - Patrice Bergeron is hit by Alexei Morozov and loses puck.
13:03 of 3rd period - Snap shot by Jaroslav Balastik.
13:03 of 3rd period - Stopped by Pascal Leclaire with a rebound.
13:22 of 3rd period - Wrist shot by David Legwand.
13:22 of 3rd period - Shot Misses the Net.
13:44 of 3rd period - Randy Jones is hit by Dustin Brown and loses puck.
14:30 of 3rd period - Minor Penalty to Alexei Morozov for Cross-checking.
14:31 of 3rd period - Brad Richards wins face-off versus Marty Reasoner in Stars zone.
15:10 of 3rd period - Dustin Brown is hit by Michael Rupp and loses puck.
15:17 of 3rd period - Kimmo Timonen is hit by Michael Rupp.
16:30 of 3rd period - Penalty to Alexei Morozov is over, Alexei Morozov is back on ice.
17:22 of 3rd period - Brian Gionta is hit by Valtteri Filppula and loses puck.
17:30 of 3rd period - Icing by Alexei Morozov.
17:31 of 3rd period - Brian Gionta wins face-off versus Brad Richards in Stars zone.
18:12 of 3rd period - Valtteri Filppula is hit by Brian Pothier and loses puck.
18:26 of 3rd period - Wrist shot by Marty Reasoner.
18:26 of 3rd period - Stopped by Henrik Lundqvist with a rebound.
18:28 of 3rd period - Slapshot by Francis Bouillon.
18:28 of 3rd period - Shot Blocked by Drew Stafford.
18:48 of 3rd period - Randy Jones is hit by Kimmo Timonen and loses puck.
Goals for this period are 3 for Stars vs 0 for Rangers.
Shots for this period are 10 for Stars vs 8 for Rangers.
Output by the SimonT Hockey Simulator (STHS) for François Prévost -- Original Page W3C XHTML 1.0 Valid